 Dungeon Crawl Stone Soup version 0.21.1-1-g345015f (webtiles) character file.

80 tidbits the Charmwright (level 4, 38/38 HPs)
             Began as a Gnoll Skald on June 25, 2018.
             Quit the game in the Ecumenical Temple.
             The game lasted 00:03:13 (334 turns).

tidbits the Charmwright (Gnoll Skald)                Turns: 334, Time: 00:03:13

Health: 38/38      AC:  3    Str: 13    XL:     4   Next: 39%
Magic:  10/11      EV: 14    Int: 17    God:
Gold:   47         SH:  0    Dex: 14    Spells: 2/13 levels left

rFire    . . .     SeeInvis .   b - +1 trident (freeze)
rCold    . . .     Gourm    .   (no shield)
rNeg     . . .     Faith    .   k - +0 leather armour
rPois    .         Spirit   .   (no helmet)
rElec    .         Reflect  .   (no cloak)
rCorr    .         Harm     .   (no gloves)
MR       .....                  (no boots)
Stlth    +.........             (no amulet)
HPRegen  0.12/turn              (no ring)
MPRegen  0.12/turn              (no ring)

@: no status effects
A: distributed training, fangs 1, strong nose
a: no special abilities


You were in the Ecumenical Temple.
You were not hungry.

You visited 2 branches of the dungeon, and saw 6 of its levels.

You collected 47 gold pieces.

Inventory:

Hand Weapons
 a - a +0 hand axe
 b - a +1 trident of freezing (weapon)
   (You took it off an orc on level 3 of the Dungeon)
 e - a +0 dagger
 f - a +2 hunting sling of flaming
   (You found it on level 1 of the Dungeon)
Armour
 i - a +0 ring mail
 k - a +0 leather armour (worn)
Magical Staves
 p - an uncursed staff of power {unknown}
   (You found it on level 5 of the Dungeon)
Scrolls
 g - a scroll of remove curse {unknown}
 h - a scroll of identify {unknown}
 j - a scroll of teleportation
 m - a scroll of magic mapping
 o - a scroll of fog {unknown}
Potions
 l - a potion of mutation {unknown}
 n - a potion of curing {unknown}
Books
 c - a book of Battle

   Spells                             Type                      Level
   a - Infusion                       Charms                       1
   b - Shroud of Golubria             Charms/Translocation         2
   c - Song of Slaying                Charms                       2
   d - Spectral Weapon                Hexes/Charms                 3
   e - Regeneration                   Charms/Necromancy            3
Comestibles
 d - 3 rations


   Skills:
 + Level 4.6 Fighting
 + Level 1.1 Short Blades
 + Level 1.1 Long Blades
 + Level 4.6 Axes
 + Level 1.1 Maces & Flails
 + Level 1.1 Polearms
 + Level 1.1 Staves
 + Level 1.1 Slings
 + Level 1.1 Bows
 + Level 1.1 Crossbows
 + Level 1.1 Throwing
 + Level 2.7 Armour
 + Level 4.6 Dodging
 + Level 1.1 Stealth
 + Level 1.1 Shields
 + Level 1.1 Unarmed Combat
 + Level 5.0 Spellcasting
 + Level 0.8 Conjurations
 + Level 0.8 Hexes
 + Level 5.4 Charms
 + Level 0.8 Summonings
 + Level 0.8 Necromancy
 + Level 0.8 Translocations
 + Level 0.8 Transmutations
 + Level 0.8 Fire Magic
 + Level 0.8 Ice Magic
 + Level 0.8 Air Magic
 + Level 0.8 Earth Magic
 + Level 0.8 Poison Magic
 + Level 1.2 Invocations
 + Level 1.1 Evocations


You had 2 spell levels left.
You knew the following spells:

 Your Spells              Type           Power        Failure   Level  Hunger
g - Shroud of Golubria    Chrm/Tloc      ###.......   8%          2    #......
i - Infusion              Chrm           ###.         1%          1    None
r - Regeneration          Chrm/Necr      ###.......   14%         3    ###....
w - Spectral Weapon       Hex/Chrm       ###.....     14%         3    ###....
y - Song of Slaying       Chrm           ###.....     2%          2    #......


Dungeon Overview and Level Annotations

Branches:
Dungeon (5/15)             Temple (1/1) D:5

Altars:
Ashenzari
Fedhas
Gozag
Hepliaklqana
Kikubaaqudgha
Makhleb
Nemelex Xobeh
Qazlal
Ru
Sif Muna
Uskayaw
Vehumet
Wu Jian
Xom
Zin
The Shining One


Innate Abilities, Weirdness & Mutations

Your experience applies equally to all skills.
You have very sharp teeth.
Your uncanny sense of smell can sniff out nearby items.


Message History

You reach to attack!
You hit the iguana.
The iguana seems to slow down.
You freeze the iguana.
The iguana is moderately wounded.
Your spectral weapon hits the iguana from afar.
The iguana seems to slow down.
Your spectral weapon freezes the iguana.
You strike the helpless iguana from behind!
You hit the iguana. You freeze the iguana. Your bite misses the iguana.
The iguana is almost dead.
Your spectral weapon hits the iguana but does no damage.
The iguana bites your spectral weapon!
Your spectral weapon shares its damage with you!
You hit the iguana. You freeze the iguana.
You kill the iguana!
Your Short Blades skill increases to level 1!
Your Long Blades skill increases to level 1!
Your Maces & Flails skill increases to level 1!
Your Polearms skill increases to level 1!
Your Staves skill increases to level 1!
Your Slings skill increases to level 1!
Your Bows skill increases to level 1!
Your Crossbows skill increases to level 1!
Your Throwing skill increases to level 1!
Your Stealth skill increases to level 1!
Your Shields skill increases to level 1!
Your Unarmed Combat skill increases to level 1!
Your Evocations skill increases to level 1!
You have reached level 4!
You feel clever.
j - 2 scrolls labeled WIROEJETOSM (gained 1)
You see here an iguana corpse.
Found a blossoming altar of Fedhas.
You swap places.
You see here an iguana corpse.
Your song is almost over.
Your song has ended.
Your spectral weapon fades away.
There is a stone staircase leading down here.
You climb downwards.
There is a stone staircase leading up here.
Unknown command.
Unknown command.
You open the door.
There is an open door here.
As you read the scroll labeled WIROEJETOSM, it crumbles to dust.
You feel strangely unstable.
It was a scroll of teleportation.
As you read the scroll labeled SITIURCHANU, it crumbles to dust.
You feel aware of your surroundings.
It was a scroll of magic mapping.
Unknown command.
Found a stone staircase leading down.
Your surroundings suddenly seem different.
Unknown command.
Found a stone staircase leading up.
Found 7 gold pieces.
There is a stone staircase leading up here.
You climb upwards.
There is a stone staircase leading down here.
Unknown command.
You climb downwards.
There is a stone staircase leading up here.
Unknown command.
Found a ration.
Found a ration.
You see here a ration.
d - 2 rations (gained 1)
You see here a ration.
d - 3 rations (gained 1)
You see here 7 gold pieces.
You now have 47 gold pieces (gained 7).
You open the door.
There is an open door here.
A dart slug comes into view.
Found a knobbly glowing staff.
Casting: Spectral Weapon
Confirm with . or Enter, or press ? or * to list all spells.
You draw out your weapon's spirit!
You hit the dart slug. You freeze the dart slug.
The dart slug is almost dead.
Your spectral weapon hits the dart slug from afar!
Your spectral weapon freezes the dart slug.
You kill the dart slug!
Found a staircase to the Ecumenical Temple.
You see here a knobbly glowing staff.
p - a knobbly glowing staff
There is a staircase to the Ecumenical Temple here.
You climb downwards.
Welcome to the Ecumenical Temple!
Your summoned ally is left behind.
Your spectral weapon fades away.
Found three altars.
There is a staircase back to the Dungeon here.
Unknown command.
Found three altars.
Found three altars.
There is a shattered altar of Ashenzari here.
Found three altars.
There is a stormy altar of Qazlal here.
Found three altars.
There is an ornate altar of the Wu Jian Council here.
Found a deep blue altar of Sif Muna.
There is a radiant altar of Vehumet here.
Are you sure you want to abandon this character and quit the game? (Confirm with "yes".)

###########
#...#ยง#...#
#...._....#
#...#8#...#
#.........#
#.........#
#.._._._..#
#....@....#
#.........#
#.._._._..#
#.........#
#.........#
#.._._._..#
#.........#
#.........#
#.._._._..#


There were no monsters in sight!

Vanquished Creatures
  An iguana (D:4)
  A worker ant (D:4)
  An adder (D:2)
  A dart slug (D:5)
  3 orcs (D:3)
  A bat (D:1)
  A giant cockroach (D:2)
  2 goblins (D:1)
  A hobgoblin (D:3)
  2 jackals (D:1)
  A kobold (D:2)
  3 rats
18 creatures vanquished.

Notes
Turn   | Place    | Note
-------+----------+-------------------------------------------
     0 | D:1      | tidbits the Gnoll Skald began the quest for the Orb.
     0 | D:1      | Reached XP level 1. HP: 20/20 MP: 6/6
    48 | D:1      | Reached XP level 2. HP: 24/26 MP: 0/7
    57 | D:1      | Learned a level 2 spell: Song of Slaying
    60 | D:1      | Learned a level 2 spell: Shroud of Golubria
   136 | D:3      | Reached XP level 3. HP: 18/31 MP: 0/9
   141 | D:3      | Learned a level 3 spell: Regeneration
   145 | D:3      | Learned a level 3 spell: Spectral Weapon
   178 | D:3      | Reached skill level 5 in Spellcasting
   223 | D:4      | Reached skill level 1 in Invocations
   227 | D:4      | Reached skill level 1 in Short Blades
   227 | D:4      | Reached skill level 1 in Long Blades
   227 | D:4      | Reached skill level 1 in Maces & Flails
   227 | D:4      | Reached skill level 1 in Polearms
   227 | D:4      | Reached skill level 1 in Staves
   227 | D:4      | Reached skill level 1 in Slings
   227 | D:4      | Reached skill level 1 in Bows
   227 | D:4      | Reached skill level 1 in Crossbows
   227 | D:4      | Reached skill level 1 in Throwing
   227 | D:4      | Reached skill level 1 in Stealth
   227 | D:4      | Reached skill level 1 in Shields
   227 | D:4      | Reached skill level 1 in Unarmed Combat
   227 | D:4      | Reached skill level 1 in Evocations
   227 | D:4      | Reached XP level 4. HP: 28/38 MP: 0/11
   230 | D:4      | Found a blossoming altar of Fedhas.
   253 | D:5      | Entered Level 5 of the Dungeon
   305 | D:5      | Found a staircase to the Ecumenical Temple.
   315 | Temple   | Entered the Ecumenical Temple
   334 | Temple   | Quit the game

Skill      XL: |  1  2  3 |
---------------+----------+-----
Spellcasting   | 5 |  5.0
Invocations    | 1 |  1.2
Short Blades   | 1 |  1.1
Long Blades    | 1 |  1.1
Maces & Flails | 1 |  1.1
Polearms       | 1 |  1.1
Staves         | 1 |  1.1
Slings         | 1 |  1.1
Bows           | 1 |  1.1
Crossbows      | 1 |  1.1
Throwing       | 1 |  1.1
Stealth        | 1 |  1.1
Shields        | 1 |  1.1
Unarmed Combat | 1 |  1.1
Evocations     | 1 |  1.1
Fighting       | |  4.6
Axes           | |  4.6
Armour         | |  2.7
Dodging        | |  4.6
Conjurations   | |  0.8
Hexes          | |  0.8
Charms         | |  5.4
Summonings     | |  0.8
Necromancy     | |  0.8
Translocations | |  0.8
Transmutations | |  0.8
Fire Magic     | |  0.8
Ice Magic      | |  0.8
Air Magic      | |  0.8
Earth Magic    | |  0.8
Poison Magic   | |  0.8

Action                   |  1- 3 |  4- 6 || total
-------------------------+-------+-------++-------
Melee: Hand axe          |    32 |       ||    32
       Bite              |     3 |       ||     3
       Trident           |     9 |     1 ||    10
 Cast: Infusion          |     3 |       ||     3
       Song of Slaying   |     3 |       ||     3
       Shroud of Golubri |     1 |       ||     1
       Spectral Weapon   |     2 |     1 ||     3
  Use: Scroll            |       |     2 ||     2
 Stab: Distracted        |     1 |       ||     1
Armor: Leather armour    |     8 |       ||     8
Dodge: Dodged            |    23 |       ||    23

Table legend:
 A = Turns spent in this place as a percentage of turns spent in the entire game.
 B = Non-inter-level travel turns spent in this place as a percentage of non-inter-level travel turns spent in the entire game.
 C = Inter-level travel turns spent in this place as a percentage of turns spent in this place.
 D = Turns resting spent in this place as a percentage of non-inter-level travel turns spent in this place.
 E = Turns spent auto-exploring this place as a percentage of non-inter-level travel turns spent in this place.
 F = Non-inter-level travel turns spent in this place divided by the number of levels of this place that you've seen.
                   A       B       C       D       E      F
               +-------+-------+-------+-------+-------+----------------------
         Total | 100.0 | 100.0 |   0.0 |   0.0 |   0.0 |  55.7
       Dungeon |  94.3 |  94.3 |   0.0 |   0.0 |   0.0 |  63.0
        Temple |   5.7 |   5.7 |   0.0 |   0.0 |   0.0 |  19.0
               +-------+-------+-------+-------+-------+----------------------

Table legend:
 A = Kills in this place as a percentage of kills in entire the game.
 B = Kills by you in this place as a percentage of kills by you in the entire game.
 C = Kills by friends in this place as a percentage of kills by friends in the entire game.
 D = Other kills in this place as a percentage of other kills in the entire game.
 E = Experience gained in this place as a percentage of experience gained in the entire game.
 F = Experience gained in this place divided by the number of levels of this place that you have seen.
                   A       B       C       D       E      F
               +-------+-------+-------+-------+-------+----------------------
         Total | 100.0 | 100.0 |   N/A |   N/A | 100.0 |  19.2
       Dungeon | 100.0 | 100.0 |   N/A |   N/A | 100.0 |  23.0
               +-------+-------+-------+-------+-------+----------------------

Vault maps used:
D:1:      scummos_arrival_hexagon, hex_large
D:2:      overflow_temple_1_default, nicolae_overflow_hidden_temple
D:3:      lemuel_doored_altar
D:4:      first_ration, serial_shops, shop, fedhas_altar_fruit_tree,
          uniq_blork_the_orc, uniq_edmund
D:5:      minmay_temple_entry_junction
Temple:   lightli_temple_of_artemis
